 Dungeon Sprint DCSS version 0.19.0-9-gfd783f2 (webtiles) character file.

79 LORDOFBUTT the Covert (level 4, -2/22 HPs)
             Began as a Spriggan Assassin on Nov 7, 2016.
             Slain by a human (7 damage)
             ... in the Dungeon (Sprint III: "The Ten Rune Challenge").
             The game lasted 00:01:14 (141 turns).

LORDOFBUTT the Covert (Spriggan Assassin)            Turns: 141, Time: 00:01:14

Health: -2/22      AC:  3    Str:  7    XL:     4   Next: 16%
Magic:  5/5        EV: 17    Int: 12    God:
Gold:   10         SH:  0    Dex: 18    Spells: 0 memorised, 3 levels left

rFire  . . .     SeeInvis +     a - +2 dagger
rCold  . . .     Gourm    .     c - +0 robe
rNeg   . . .     Faith    .     (shield restricted)
rPois  .         Spirit   .     (helmet restricted)
rElec  .         Reflect  .     d - +0 cloak
rCorr  .         Harm     .     (gloves unavailable)
MR     .....     NoTele   +     (boots unavailable)
Stlth  ++++++....               (no amulet)
                                (no ring)
                                (no ring)

@: very quick
A: unfitting armour, see invisible, herbivore 3, speed 3, slow metabolism 2
a: no special abilities


You were in the Dungeon.
You were not hungry.

You visited 1 branch You collected 10 gold pieces.

Inventory:

Hand Weapons
 a - a +2 dagger (weapon)
 b - a +0 blowgun
Missiles
 e - 7 poisoned needles
Armour
 c - a +0 robe (worn)
 d - a +0 cloak (worn)
Scrolls
 m - a scroll of blinking
 n - a scroll of magic mapping {unknown}
Potions
 h - a potion of curing
 i - a potion of heal wounds
 j - a potion of haste
 k - 2 potions of magic
 l - a potion of berserk rage
Comestibles
 g - a bread ration


   Skills:
 - Level 1.5 Fighting
 - Level 2.1 Short Blades
 - Level 2.0 Throwing
 - Level 1.5 Dodging
 + Level 13.4 Stealth


You had 3 spell levels left.
You didn't know any spells.

Dungeon Overview and Level Annotations

Branches:
Dungeon (1/1)

Altars:


Innate Abilities, Weirdness & Mutations

You are very small and have problems with some larger weapons.
You are too small for most types of armour.
You have supernaturally acute eyesight. (SInv)
You are a herbivore.
You cover ground extremely quickly.
You need consume almost no food.


Message History

You hit the human but do no damage.
The human is heavily wounded.
The human hits you but does no damage.
You hit the human.
The human is heavily wounded.
The human misses you.
You closely miss the human.
The human is severely wounded.
You barely miss the human.
The human is severely wounded.
The human misses you.
You hit the human but do no damage.
The human is severely wounded.
The human barely misses you.
You hit the human.
The human is severely wounded.
You hit the human but do no damage.
The human is severely wounded.
The human is no longer moving slowly.
The human hits you!
You die...

▓▓▓▓▓▓▓▓▓ ▓▓
▓<..#...#### ##.#
▓...#......## #..#
▓..##.......# #..#
▓##.##.##..)# #..#
##.##.###..# +#..#
▓#.####.##@.# #...+
▓.###†.##.p####...#
▓#.....##.(###....#
###..##..(##.p...#
##..##....#.s....#
#..###..##.#.....#
#..# #..#####....#
▓▓▓▓ ▓▓▓▓ ▓▓▓▓▓▓


You could see a human.

Vanquished Creatures
  A scorpion (D)
  Jessica (D)
  An ooze (D)
  2 rats (D)
5 creatures vanquished.

Vanquished Creatures (others)
  A yaktaur (D)
  A hellion (D)
  A plant (D)
3 creatures vanquished.

Grand Total: 8 creatures vanquished

Notes
Turn   | Place    | Note
-------+----------+-------------------------------------------
     0 | D        | LORDOFBUTT the Spriggan Assassin began the quest for the Orb.
     0 | D        | Reached XP level 1. HP: 10/10 MP: 2/2
     9 | D        | Reached skill level 6 in Stealth
    11 | D        | Reached skill level 8 in Stealth
    20 | D        | Killed a yaktaur
    24 | D        | Noticed Jessica
    33 | D        | Killed Jessica
    33 | D        | Reached skill level 11 in Stealth
    33 | D        | Reached XP level 2. HP: 14/14 MP: 3/3
    33 | D        | Reached XP level 3. HP: 18/18 MP: 4/4
    49 | D        | Noticed a scorpion
   118 | D        | Killed a scorpion
   118 | D        | Reached skill level 13 in Stealth
   118 | D        | Reached XP level 4. HP: 7/22 MP: 5/5
   121 | D        | Killed a hellion
   141 | D        | Slain by a human

Skill      XL: |  1  2  3 |
---------------+----------+-----
Stealth        | 11 13 | 13.4
Fighting       | |  1.5
Short Blades   | |  2.1
Throwing       | |  2.0
Dodging        | |  1.5

Action                   |  1- 3 |  4- 6 || total
-------------------------+-------+-------++-------
Melee: Dagger            |     9 |    12 ||    21
 Fire: Blowgun           |     3 |     3 ||     6
 Stab: Sleeping          |     3 |       ||     3
Armor: Robe              |       |     1 ||     1
Dodge: Dodged            |     6 |     5 ||    11
